 Dungeon Crawl Stone Soup version 0.18.1-8-gdd0e5ea (webtiles) character file.

121 Lul the Conjurer (level 4, -6/30 HPs)
             Began as a Mummy Conjurer on May 31, 2016.
             Mangled by Leafly's ghost (13 damage)
             ... on level 3 of the Dungeon.
             The game lasted 00:14:19 (2749 turns).

Lul the Conjurer (Mummy Conjurer)                   Turns: 2749, Time: 00:14:19

Health: -6/30      AC:  3    Str: 11    XL:     4   Next: 77%
Magic:  3/8        EV: 12    Int: 15    God:
Gold:   72         SH:  0    Dex: 12    Spells: 2 memorised, 6 levels left

rFire  x . .     SeeInvis .     g - +2 dagger (venom)
rCold  + . .     Gourm    .     e - +0 robe
rNeg   + + +     Faith    .     (no shield)
rPois  ∞         Spirit   .     (no helmet)
rElec  .         Dismiss  .     i - +0 cloak
rCorr  .         Reflect  .     (no gloves)
SustAt .         Harm     .     (no boots)
MR     .....                    (no amulet)
Stlth  +++.......               (no ring)
                                f - ring of stealth

@: not resistant to hostile enchantments, fairly stealthy
A: no food or potions, fire vulnerability, cold resistance 1, negative energy
resistance 3, torment resistance, unbreathing
a: no special abilities


You were on level 3 of the Dungeon.
You were not hungry.

You visited 1 branch of the dungeon, and saw 3 of its levels.

You collected 72 gold pieces.

Inventory:

Hand Weapons
 g - a +2 dagger of venom (weapon)
Armour
 e - a +0 robe (worn)
 i - a +0 cloak (worn)
Jewellery
 f - a ring of stealth (left hand)
Scrolls
 d - 4 scrolls of identify
 h - a scroll of amnesia
Books
 b - a book of Conjurations

   Spells                             Type                      Level
   a - Magic Dart                     Conjuration                  1
   b - Searing Ray                    Conjuration                  2
   c - Dazzling Spray                 Conjuration/Hexes            3
   d - Fulminant Prism                Conjuration/Hexes            4
   e - Iskenderun's Mystic Blast      Conjuration                  4
   f - Iskenderun's Battlesphere      Conjuration/Charms           5


   Skills:
 + Level 0.2 Fighting
 + Level 0.2 Short Blades
 + Level 1.8 Dodging
 + Level 2.5 Stealth
 + Level 3.0 Spellcasting
 + Level 4.0 Conjurations


You had 6 spell levels left.
You knew the following spells:

 Your Spells              Type           Power        Failure   Level  Hunger
a - Magic Dart            Conj           ##..         4%          1    N/A
b - Searing Ray           Conj           ##....       8%          2    N/A

Dungeon Overview and Level Annotations

Branches:
Dungeon (3/15)

Altars:

Annotations:
D:3 Leafly's ghost, amateur FoFi


Innate Abilities, Weirdness & Mutations

You do not eat or drink.
Your flesh is vulnerable to fire.
You are immune to poison.
Your flesh is cold resistant.
You are immune to negative energy.
You are immune to unholy pain and torment.
You can survive without breathing.


Message History

Anything else - Stay silent.
You shout for attention!
Leafly's ghost hits you.
Casting: Magic Dart
Confirm with . or Enter, or press ? or * to list all spells.
Aiming: Searing Ray
Press: ? - help, Shift-Dir - straight line, f - Leafly's ghost
Aim: Leafly's ghost The searing ray hits Leafly's ghost.
Leafly's ghost hits you!
The searing ray hits Leafly's ghost.
Leafly's ghost hits you!
* * * LOW HITPOINT WARNING * * *
The searing ray hits Leafly's ghost.
Leafly's ghost is lightly damaged.
Leafly's ghost closely misses you.
The searing ray hits Leafly's ghost.
Leafly's ghost is moderately damaged.
Leafly's ghost hits you.
* * * LOW HITPOINT WARNING * * *
Leafly's ghost hits you!
You die...

.##. #.#.##### ## .. ..
.... (....... . .>#
###.##..# ....
.......#.# #.. .......#
##.# #.#...#. #.#
#..#...### # ......
#.####......... #...#
#.##.......#.## #...#
#.##.#..##.....
#.<.#####.##......##.##
#....W@............>...
##.######.#............
#+# #...###....<...
#...# #........ #...#
#........
#.#.....)......
..#.#..........
####.##.##.#####
.......#


You could see Leafly's ghost.

Vanquished Creatures
  A worker ant (D:3)
  An adder (D:2)
  An ooze (D:1)
  3 worms (D:2)
  A dart slug (D:2)
  2 giant geckos (D:2)
  2 orcs (D:3)
  7 bats
  A giant cockroach (D:1)
  14 goblins
  9 hobgoblins
  4 jackals (D:2)
  4 ball pythons
  5 giant newts
  6 kobolds
  7 rats
68 creatures vanquished.

Notes
Turn   | Place    | Note
--------------------------------------------------------------
     0 | D:1      | Lul the Mummy Conjurer began the quest for the Orb.
     0 | D:1      | Reached XP level 1. HP: 13/13 MP: 3/3
   244 | D:1      | Reached XP level 2. HP: 19/19 MP: 1/5
  1196 | D:2      | Reached XP level 3. HP: 21/24 MP: 2/6
  1882 | D:2      | Reached XP level 4. HP: 21/30 MP: 0/8
  2082 | D:2      | Learned a level 2 spell: Searing Ray
  2335 | D:3      | Reached skill level 4 in Conjurations
  2482 | D:3      | Noticed Leafly's ghost (amateur FoFi)
  2749 | D:3      | Mangled by Leafly's ghost

Skill      XL: |  1  2  3  4 |
---------------+-------------+-----
Stealth        | 2 |  2.5
Spellcasting   | 3 |  3.0
Conjurations   | 4 |  4.0
Fighting       | |  0.2
Short Blades   | |  0.2
Dodging        | |  1.8

Action                   |  1- 3 |  4- 6 || total
-------------------------+-------+-------++-------
Melee: Dagger            |    32 |    13 ||    45
 Cast: Magic Dart        |    91 |    38 ||   129
       Searing Ray       |       |     4 ||     4
  Use: Scroll            |     2 |       ||     2
 Stab: Sleeping          |     5 |     1 ||     6
Armor: Robe              |     3 |     4 ||     7
Dodge: Dodged            |    13 |     8 ||    21
